 Dungeon Crawl Stone Soup version 0.29-a0-362-g5854e031c7 (webtiles) character file.

Game seed: 10248619726365996892

72 ryw the Skirmisher (level 4, -3/39 HPs)
             Began as a Demonspawn Monk on Apr 29, 2022.
             Succumbed to a water moccasin's poison
             ... in a sewer.
             The game lasted 00:03:07 (2509 turns).

ryw the Skirmisher (Demonspawn Monk)                Turns: 2509, Time: 00:03:08

Health: -3/39      AC:  2    Str: 11    XL:     4   Next: 6%
Magic:  4/4        EV: 13    Int: 11    God:
Gold:   111        SH:  0    Dex: 18    Spells: 3/3 levels left

rFire   . . .      SeeInvis .   c - +2 whip (flame)
rCold   . . .      Faith    .   (no shield)
rNeg    . . .      Spirit   .   a - +0 robe
rPois   .          Reflect  .   (no helmet)
rElec   .          Harm     .   (no cloak)
rCorr   .          Rampage  .   (no gloves)
Will    .....                   (no boots)
Stlth   ++........              (no amulet)
HPRegen 0.13/turn               (no ring)
MPRegen 0.09/turn               (no ring)

@: lethally poisoned (-3 -> -30), flying
A: weakness stinger 1
a: no special abilities


You were in a sewer.
You visited 1 branch of the dungeon, and saw 3 of its levels.
You also visited: Sewer.

You collected 111 gold pieces.

Inventory:

Hand Weapons
 c - a +2 whip of flaming (weapon)
 d - a +0 hand crossbow
Armour
 a - a +0 robe (worn)
Scrolls
 e - a scroll of teleportation
 i - a scroll of immolation {unknown}
Potions
 b - 2 potions of ambrosia


   Skills:
 + Level 5.0 Fighting
 - Level 2.6 Dodging
 - Level 1.7 Stealth
 - Level 2.6 Unarmed Combat


You had 3 spell levels left.
You didn't know any spells.
Your spell library was empty.

Dungeon Overview and Level Annotations

Branches:
Dungeon (3/15)              Sewer (1/1)

Altars:


Innate Abilities, Weirdness & Mutations

You have a small tail.


Message History

You feel very sick. The water moccasin closely misses you.
The water moccasin barely misses you.
You closely miss the water moccasin.
Your tail-slap misses the water moccasin.
The water moccasin is lightly wounded.
You feel sick. The water moccasin closely misses you.
Unknown command.
You are too injured to fight recklessly!
You are too injured to fight recklessly!
You are too injured to fight recklessly!
You feel better. The water moccasin bites you!
You are poisoned.
The water moccasin poisons you! The water moccasin bites you!
* * * LOW HITPOINT WARNING * * *
You are more poisoned.
The water moccasin poisons you!
It was a potion of flight.
You feel very buoyant.
You fly up into the air.
* * * LOW HITPOINT WARNING * * *
You feel extremely sick. The water moccasin barely misses you.
It was a potion of heal wounds.
You feel much better.
You feel very sick. The water moccasin closely misses you.
The water moccasin bites you.
You hit the water moccasin. You burn the water moccasin.
The water moccasin is moderately wounded.
You feel very sick. The water moccasin barely misses you.
You barely miss the water moccasin.
The water moccasin is moderately wounded.
* * * LOW HITPOINT WARNING * * *
You feel very sick. The water moccasin barely misses you.
The water moccasin bites you!
* * * LOW HITPOINT WARNING * * *
You are more poisoned.
The water moccasin poisons you!
You hit the water moccasin. You burn the water moccasin.
The water moccasin is heavily wounded.
You die...

(!#. .#.#
#...
##≈≈.##
#≈.≈≈.#
..≈.##
#...#
#S.##
#@≈.#
##≈.# #.
#≈.# #..
#≈.# #≈.#
##.≈# #...
#≈≈.#
#≈≈###..##
#.≈≈#≈≈.#
#≈..≈.##


You could see a water moccasin.

Vanquished Creatures
  2 adders
  A worm (D:2)
  2 dart slugs
  4 endoplasms
  3 hobgoblins
  7 jackals
  4 kobolds
  2 quokkas (D:1)
  3 ball pythons
  4 bats
  4 frilled lizards
  5 goblins
  4 rats
45 creatures vanquished.

Notes
Turn   | Place    | Note
-------+----------+-------------------------------------------
     0 | D:1      | ryw the Demonspawn Monk began the quest for the Orb.
     0 | D:1      | Reached XP level 1. HP: 18/18 MP: 1/1
   192 | D:1      | Gained mutation: You have a small tail. [demonic ancestry]
   192 | D:1      | Reached XP level 2. HP: 18/24 MP: 2/2
   587 | D:1      | Reached skill level 4 in Fighting
   701 | D:1      | Found a faded altar of an unknown god.
   903 | D:1      | Reached XP level 3. HP: 26/30 MP: 3/3
  2428 | D:3      | Reached XP level 4. HP: 34/38 MP: 4/4
  2436 | D:3      | Found a glowing drain.
  2444 | Sewer    | Entered a sewer
  2467 | Sewer    | Reached skill level 5 in Fighting
  2487 | Sewer    | Noticed a water moccasin
  2509 | Sewer    | Succumbed to a water moccasin's poison

Illustrated notes

Levels and vault maps discovered:
D:1:      shiori_arrival_oz, layout_basic, basic_ecumenical_altar,
          minmay_strange_pillars, serial_bayou_crossing
D:2:      layout_loops_corners
D:3:      layout_loops_ring, serial_shops, nicolae_shop_window_shopping,
          portal_sewer_entry_a, grunt_decor_mini_mirrors
Sewer:    sewer_the_moccasin

Skill      XL: |  1  2  3  4 |
---------------+-------------+-----
Fighting       | 4 5 |  5.0
Dodging        | |  2.6
Stealth        | |  1.7
Unarmed Combat | |  2.6

Action                   |  1- 3 |  4- 6 || total
-------------------------+-------+-------++-------
Melee: Whip              |   101 |    11 ||   112
       Unarmed           |     5 |       ||     5
       Tailslap          |     7 |     2 ||     9
  Use: Scroll            |     2 |       ||     2
       Potion            |       |     3 ||     3
 Stab: Sleeping          |     4 |       ||     4
Armor: Robe              |    12 |     1 ||    13
Dodge: Dodged            |    78 |    10 ||    88

Table legend: (Time is in decaauts)
 A = Elapsed time spent in this place.
 B = Non-inter-level travel time spent in this place.
 C = Inter-level travel time spent in this place.
 D = Time resting spent in this place.
 E = Time spent auto-exploring this place.
 F = Levels seen in this place.
 G = Mean time per level.
                   A        B        C        D        E       F      G
               +--------+--------+--------+--------+--------+-----+--------+
         Total |   2529 |   2394 |    135 |      0 |   2035 |   4 |  632.2 |
       Dungeon |   2460 |   2325 |    135 |      0 |   1995 |   3 |  820.0 |
         Sewer |     69 |     69 |      0 |      0 |     40 |   1 |   69.0 |
               +--------+--------+--------+--------+--------+-----+--------+

Top non-repeatable levels by time:
     D:1: 1254 daAuts
     D:2: 1134 daAuts
     D:3: 70 daAuts
   Sewer: 69 daAuts
